 Dungeon Crawl Stone Soup version 0.32-a0-953-g508020473e (webtiles) character file.

Game seed: 11910475562880356529

294 jasper the Chopper (level 6, -1/51 HPs)
             Began as a Mountain Dwarf Fighter on Apr 16, 2024.
             Killed by divine providence
             ... invoked by an orc priest
              (12 damage)
             ... on level 3 of the Dungeon.
             The game lasted 00:04:03 (2325 turns).

jasper the Chopper (Mountain Dwarf Fighter)         Turns: 2325, Time: 00:04:04

Health: -1/51      AC:  9    Str: 20    XL:     6   Next: 11%
Magic:  6/6        EV:  8    Int:  9    God:
Gold:   106        SH:  4    Dex:  9    Spells: 5/5 levels left

rFire   . . .        a - +0 war axe
rCold   . . .        c - +0 buckler
rNeg    . . .        b - +0 scale mail
rPois   .            q - +0 helmet
rElec   .            n - +0 cloak
rCorr   .            (no gloves)
SInv    .            (no boots)
Will    +....        k - amulet of the acrobat Stlth
                     m - ring of willpower
HPRegen 0.28/turn    (no ring)
MPRegen 0.10/turn

%: acrobat
@: studying Fighting
A: runic magic, artefact enchanting
a: Convert to Beogh


You were on level 3 of the Dungeon.
You visited 1 branch of the dungeon, and saw 3 of its levels.

You collected 106 gold pieces.

Inventory:

Hand Weapons
 a - a +0 war axe (weapon)
Missiles
 e - 43 stones
 f - 5 javelins
 h - 2 boomerangs (quivered)
Armour
 b - a +0 scale mail (worn)
 c - a +0 buckler (worn)
 n - a +0 cloak (worn)
 q - a +0 helmet (worn)
Jewellery
 k - an amulet of the acrobat (around neck)
 l - a ring of ice
 m - a ring of willpower (left hand)
 o - a +6 ring of dexterity
 p - a +6 ring of strength
Scrolls
 s - a scroll of enchant weapon {unknown}
 t - 2 scrolls of teleportation
 u - a scroll of enchant armour {unknown}
 v - a scroll of poison
Potions
 d - a potion of might
 g - a potion of haste
 i - a potion of cancellation {unknown}
 j - a potion of degeneration {unknown}
 r - 3 potions of heal wounds {unknown}


   Skills:
 - Level 3.2 Fighting
 + Level 7.8 Axes
 - Level 3.2 Armour
 - Level 3.2 Shields


You had 5 spell levels left.
You didn't know any spells.
Your spell library contained the following spells:

 Spells                   Type           Power      Damage    Failure   Level
 Summon Small Mammal      Summ           0%         N/A       54%         1
 Call Canine Familiar     Summ           0%         N/A       89%         3
 Summon Blazeheart Golem  Fire/Summ      0%         N/A       100%        4


Dungeon Overview and Level Annotations

Branches:
Dungeon (3/15)

Altars:

Annotations:
D:3 1 runed translucent door, KingCobr1's ghost, amateur MiFi


Innate Abilities, Weirdness & Mutations

Your spellcasting is much less encumbered by armour.
You can use scrolls of enchantment on lesser artefacts.


Message History

MP restored: 6 You hit the orc priest.
The orc priest is moderately wounded.
The orc priest calls down the wrath of Beogh upon you.
You resist with some effort. You block the orc priest's attack.
You barely miss the orc priest.
The orc priest is moderately wounded.
The orc priest hits you but does no damage.
You barely miss the orc priest.
The orc priest is moderately wounded.
The orc priest calls down the wrath of Beogh upon you.
Beogh smites you!
You take 10 damage, and have 25/51 hp.
You hit the orc priest but do no damage.
The orc priest is moderately wounded.
The orc priest barely misses you.
You closely miss the orc priest.
The orc priest is moderately wounded.
The orc priest closely misses you.
You hit the orc priest but do no damage.
The orc priest shouts, "The Pantheon deserves no one's loyalty.
Let us show you the true path!"
The orc priest is moderately wounded.
The orc priest invokes the aid of Beogh against you.
Beogh smites you!
* * * LOW HITPOINT WARNING * * *
You take 15 damage, and have 11/51 hp.
MASSIVE DAMAGE!!
You barely miss the orc priest.
The orc priest is moderately wounded.
You block the orc priest's attack.
You closely miss the orc priest.
The orc priest is moderately wounded.
The orc priest hits you with a +0 dagger.
* * * LOW HITPOINT WARNING * * *
You take 1 damage, and have 10/51 hp.
You barely miss the orc priest.
The orc priest is moderately wounded.
The orc priest closely misses you.
The orc priest calls down the wrath of Beogh upon you.
Beogh smites you!
You die...

.#.## #.##.# ....# #.#
.#..# #.# # .#..# #.#
.# .#..# #.####.#
....# #.##.#.# ###
....# #.##.#....#....
....###
##.....)).......
...............)@....#
....#######....o.....#
....# #.#.......##
..#.# #.##.....##
.##... .. ##...## .#
#### ### ##.## ## ###


You could see an orc priest.

Vanquished Creatures
  A centaur (D:3)
  An orc priest (D:3)
  Jessica (D:2)
  An orc wizard (D:3)
  Robin (D:2)
  A gnoll (D:1)
  5 adders
  8 orcs (D:3)
  5 ball pythons
  8 bats
  5 endoplasms
  A giant cockroach (D:2)
  9 goblins
  5 hobgoblins
  2 quokkas
  5 frilled lizards
  4 kobolds
  3 rats (D:3)
66 creatures vanquished.

Notes
Turn   | Place    | Note
-------+----------+-------------------------------------------
     0 | D:1      | jasper the Mountain Dwarf Fighter began the quest for the
                  | Orb.
     0 | D:1      | Reached XP level 1. HP: 19/19 MP: 1/1
   109 | D:1      | Reached skill level 3 in Axes
   147 | D:1      | Reached XP level 2. HP: 26/26 MP: 2/2
   423 | D:1      | Reached skill level 4 in Axes
   917 | D:1      | Identified a scroll of acquirement
   917 | D:1      | Acquired a manual of Fighting
  1029 | D:2      | Reached XP level 3. HP: 31/31 MP: 3/3
  1162 | D:2      | Noticed Jessica
  1202 | D:2      | Killed Jessica
  1203 | D:2      | Reached skill level 5 in Axes
  1243 | D:2      | Reached XP level 4. HP: 38/38 MP: 4/4
  1252 | D:2      | Noticed Robin
  1274 | D:2      | Killed Robin
  1462 | D:2      | Reached skill level 6 in Axes
  1823 | D:3      | Reached XP level 5. HP: 45/45 MP: 5/5
  1837 | D:3      | Noticed KingCobr1's ghost (amateur MiFi)
  1838 | D:3      | Found a runed translucent door.
  1867 | D:3      | Noticed a centaur
  1874 | D:3      | Killed a centaur
  1875 | D:3      | Reached skill level 7 in Axes
  2317 | D:3      | Reached XP level 6. HP: 34/51 MP: 6/6
  2325 | D:3      | Killed from afar by an orc priest

Illustrated notes

Levels and vault maps discovered:
D:1:      dpeg_arrival_shelter, layout_basic, minmay_misc_feat_tiny, hex_large,
          minmay_tetromino_l2
D:2:      layout_basic, uniq_jessica, uniq_robin
D:3:      layout_loops_ring, gammafunk_ghost_grave, minmay_crystal_room,
          reono_crystal_passage

Skill      XL: |  1  2  3  4  5 |
---------------+----------------+-----
Axes           | 3 4 5 6 7 |  7.8
Fighting       | |  3.2
Armour         | |  3.2
Shields        | |  3.2

Action                     |  1- 3 |  4- 6 || total
---------------------------+-------+-------++-------
  Melee: War axe           |    69 |   110 ||   179
  Throw: Stone             |     1 |       ||     1
         Boomerang         |    15 |    17 ||    32
    Use: Scroll            |     2 |     5 ||     7
 Armour: Scale mail        |    75 |    92 ||   167
  Dodge: Dodged            |    34 |    67 ||   101
  Block: Buckler           |    14 |    21 ||    35

Table legend: (Time is in decaauts)
 A = Elapsed time spent in this place.
 B = Non-inter-level travel time spent in this place.
 C = Inter-level travel time spent in this place.
 D = Time resting spent in this place.
 E = Time spent auto-exploring this place.
 F = Levels seen in this place.
 G = Mean time per level.
                   A        B        C        D        E       F      G
               +--------+--------+--------+--------+--------+-----+--------+
         Total |   2400 |   2383 |     17 |    262 |   1526 |   3 |  800.0 |
       Dungeon |   2400 |   2383 |     17 |    262 |   1526 |   3 |  800.0 |
               +--------+--------+--------+--------+--------+-----+--------+

Top non-repeatable levels by time:
     D:1: 958 daAuts
     D:2: 869 daAuts
     D:3: 572 daAuts
